 Dungeon Crawl Stone Soup version 0.21-a0-414-gba8bdf1 (webtiles) character file.

1183 mhoghedin the Ducker (level 8, 33/33 HPs)
             Began as a Felid Venom Mage on Nov 1, 2017.
             Was an Initiate of Sif Muna.
             Quit the game on level 8 of the Dungeon on Nov 2, 2017.
             The game lasted 00:37:47 (10597 turns).

mhoghedin the Ducker (Felid Venom Mage)            Turns: 10597, Time: 00:37:47

Health: 33/33      AC:  2    Str:  4    XL:     8   Next: 19%
Magic:  26/26      EV: 23    Int: 19    God:    Sif Muna [......]
Gold:   470        SH:  0    Dex: 17    Spells: 3/17 levels left
                                        Lives:  1   Deaths: 1

rFire    . . .     SeeInvis +     - Unarmed
rCold    + . .     Gourm    .   (shield unavailable)
rNeg     . . .     Faith    .   (armour unavailable)
rPois    .         Spirit   .   (helmet unavailable)
rElec    .         Reflect  .   (cloak unavailable)
rCorr    .         Harm     .   (gloves unavailable)
MR       +....                  (boots unavailable)
Stlth    ++++......             r - amulet of rage {+Rage, !d}
HPRegen  0.11/turn              A - ring of protection from cold {rC+, !d}
MPRegen  0.20/turn              z - ring of magical power {MP+9}

@: quick
A: no armour, no weapons or thrown items, stealth, claws 1, fangs 3, see
invisible, carnivore 3, speed 1, shaggy fur 2, slow metabolism 1, sharp paws
a: Renounce Religion, Evoke Berserk Rage


You were on level 8 of the Dungeon.
You worshipped Sif Muna.
Sif Muna was noncommittal.
You were not hungry.

You visited 2 branches of the dungeon, and saw 9 of its levels.

You collected 470 gold pieces.

Inventory:

Jewellery
 r - an amulet of rage (around neck) {+Rage, !d}
   (You found it on level 7 of the Dungeon)
 z - a ring of magical power (right paw) {MP+9}
   (You found it on level 6 of the Dungeon)
 A - a ring of protection from cold (left paw) {rC+, !d}
   (You found it on level 6 of the Dungeon)
Wands
 j - a wand of iceblast (11/15)
   (You found it on level 2 of the Dungeon)
 s - a wand of flame (14/48)
   (You took it off Sigmund on level 3 of the Dungeon)
 x - a wand of flame (34/48)
   (You found it on level 7 of the Dungeon)
 B - a wand of flame (4/48)
   (You found it on level 8 of the Dungeon)
Scrolls
 c - 4 scrolls of remove curse {unknown}
 e - 2 scrolls of blinking {!r}
 k - 3 scrolls of amnesia {unknown}
 m - a scroll of fog {unknown}
 t - 2 scrolls of immolation {unknown}
 u - 2 scrolls of random uselessness {unknown}
 w - 4 scrolls of teleportation {unknown}
Potions
 d - 3 potions of flight
 f - 2 potions of brilliance
 g - a potion of lignification {!q}
 i - 2 potions of heal wounds
 n - a potion of mutation {unknown}
 o - 2 potions of might {unknown}
 p - 2 potions of degeneration {unknown}
 q - 2 potions of curing
 C - a potion of invisibility {unknown}
 D - a potion of ambrosia {unknown}
Books
 a - a Young Poisoner's Handbook
 h - a book of Cantrips
   (You found it on level 2 of the Dungeon)
 v - a book of Maledictions
   (You found it on level 4 of the Dungeon)
 y - a book of Debilitation
   (You found it on level 6 of the Dungeon)
Comestibles
 b - 9 meat rations {@e2}
 l - 5 royal jellies


   Skills:
 - Level 1.7 Fighting
 - Level 7.5 Dodging
 - Level 7.3 Stealth
 - Level 3.1 Unarmed Combat
 - Level 5.4 Spellcasting
 - Level 0.8 Conjurations
 + Level 5.7 Hexes
 + Level 0.0 Ice Magic
 - Level 0.4 Air Magic
 - Level 5.6 Poison Magic
 - Level 1.8 Evocations


You had 3 spell levels left.
You knew the following spells:

 Your Spells              Type           Power        Failure   Level  Hunger
a - Sting                 Conj/Pois      ###.         3%          1    None
b - Poisonous Vapours     Pois/Air       ###...       4%          2    None
c - Confusing Touch       Hex            ####..       1%          1    None
d - Olgreb's Toxic Radia  Pois           ####....     12%         4    ####...
e - Ensorcelled Hibernat  Hex/Ice        ###...       5%          2    None
x - Mephitic Cloud        Conj/Pois/Air  ##......     14%         3    ##.....
A - Animate Skeleton      Necr           N/A          12%         1    None


Dungeon Overview and Level Annotations

Branches:
Dungeon (8/15)             Temple (1/1) D:7
   Lair: D:8-11

Altars:
Ashenzari
Cheibriados
Dithmenos
Elyvilon
Fedhas
Gozag
Hepliaklqana
Kikubaaqudgha
Makhleb
Nemelex Xobeh
Okawaru
Qazlal
Ru
Sif Muna
Trog
Uskayaw
Vehumet
Wu Jian
Xom
Yredelemnul
Zin
The Shining One

Annotations:
D:3 Crazy Yiuf
D:5 2 transporters
D:6 Ontamu's ghost, novice FoFi


Innate Abilities, Weirdness & Mutations

You cannot wear armour.
You are incapable of wielding weapons or throwing items.
Your paws allow you to move quietly. (Stealth)
You have sharp claws.
You have razor-sharp teeth.
You have supernaturally acute eyesight. (SInv)
You are carnivorous and can eat meat at any time.
You cover ground quickly.
You are covered in thick fur. (AC +2)
You have a slow metabolism.
Your sharp claws are effective at attacking unaware monsters.


Message History

No target in view!
There is a stone staircase leading down here.
Found a stone staircase leading up.
A killer bee comes into view.
A killer bee is nearby!
A killer bee comes into view.
A two-headed ogre comes into view. It is wielding two giant clubs.
You begin to radiate toxic energy.
The killer bee buzzes angrily.
The killer bee is poisoned. x2; The two-headed ogre is poisoned.
You hear an angry buzzing noise. x2
A killer bee comes into view.
You now have 22/26 mp.
The killer bee looks even sicker. x2; The killer bee is poisoned.
A killer bee comes into view.
The killer bee looks even sicker. x2
The killer bee looks even sicker.
The killer bee buzzes angrily.
The killer bee is poisoned.
Your toxic aura wanes.
You hear an angry buzzing noise. x2
You miscast Olgreb's Toxic Radiance.
You are very lightly contaminated with residual magic.
You feel faint for a moment.
You kill the killer bee!
Sif Muna accepts your kill. The killer bee completely misses you.
A killer bee comes into view.
You now have 18/26 mp.
You begin to radiate toxic energy.
You kill the killer bee!
Sif Muna accepts your kill.
The killer bee is poisoned.
The killer bee looks even sicker.
You kill the killer bee!
Sif Muna accepts your kill.
A killer bee comes into view.
You now have 15/26 mp.
The killer bee buzzes angrily.
The killer bee is poisoned.
The killer bee looks even sicker.
The killer bee looks even sicker.
The killer bee looks as sick as possible!
The two-headed ogre looks even sicker.
You kill the killer bee!
Sif Muna accepts your kill.
The killer bee looks even sicker. x2; The two-headed ogre looks even sicker.
Your toxic aura wanes.
You kill the killer bee!
Sif Muna accepts your kill.
You kill the killer bee!
Sif Muna accepts your kill.
Aim: a two-headed ogre, wielding two giant clubs (lightly wounded, poisoned) Poisonous vapours surround the two-headed ogre!
The two-headed ogre is engulfed in poison gas.
The two-headed ogre looks even sicker.
You now have 13/27 mp.
You hear a distant blaring wail to the east.
Aim: a two-headed ogre, wielding two giant clubs (moderately wounded, poisoned) Poisonous vapours surround the two-headed ogre!
The two-headed ogre is engulfed in poison gas.
The two-headed ogre looks even sicker.
You now have 13/27 mp.
Okay, then.
Unknown command.
Aim: a two-headed ogre, wielding two giant clubs (heavily wounded, poisoned, chance to defeat MR: 28%)
Okay, then.
Unknown command.
Unknown command.
Unknown command.
Aim: a two-headed ogre, wielding two giant clubs (heavily wounded, poisoned, chance to defeat MR: 28%)
The two-headed ogre easily resists.
You now have 12/27 mp.
Aim: a two-headed ogre, wielding two giant clubs (heavily wounded, poisoned, chance to defeat MR: 28%)
The two-headed ogre easily resists.
The two-headed ogre completely misses you.
The two-headed ogre misses you.
You now have 10/27 mp.
Aim: a two-headed ogre, wielding two giant clubs (heavily wounded, poisoned, chance to defeat MR: 28%)
The two-headed ogre easily resists.
You now have 8/27 mp.
Your paws begin to glow red.
The two-headed ogre closely misses you. x2
You scratch the two-headed ogre but do no damage.
The two-headed ogre appears confused.
You barely miss the two-headed ogre. You barely miss the two-headed ogre.
The two-headed ogre shouts, "What's happening?!"
You scratch the two-headed ogre but do no damage.
You completely miss the two-headed ogre.
The two-headed ogre seems less confused.
The two-headed ogre hits you with a giant club!
The two-headed ogre misses you.
You take 17 damage, and have 19/36 hp.
MASSIVE DAMAGE!!
Your paws begin to glow red.
The two-headed ogre completely misses you.
The two-headed ogre hits you with a giant club!!
Ouch! That really hurt!
You die...
You are now level 8!
You rejoin the land of the living...
Health restored: 33; MP restored: 26

.... ... #.. #..
#.. # #.. #####..#
#.. #@.....# ##..
##......#######...
#...............
..........<....
........##...##
.###.....#...##
##....##..#
##....#.)#
##...)..#


There were no monsters in sight!

Vanquished Creatures
  Sigmund (D:3)
  An orc warrior (D:8)
  A phantom (D:6)
  A black bear (D:7)
  An ogre (D:6)
  2 bullfrogs
  5 scorpions
  6 killer bees (D:8)
  3 howler monkeys
  A crimson imp (D:7)
  5 hounds
  2 jellies
  4 orc wizards (D:7)
  2 orc priests
  4 iguanas
  Natasha (thrice) (D:3)
  6 worker ants
  A hound zombie (D:7)
  2 worker ant zombies
  12 adders
  A shadow imp (D:6)
  2 oozes
  2 adder skeletons (D:4)
  7 worms
  3 leopard geckos
  24 orcs
  2 giant cockroaches (D:4)
  5 hobgoblins
  11 jackals
  3 quokkas
  5 bats
  6 frilled lizards
  4 goblins
  8 kobolds
  A leopard gecko skeleton (D:6)
  A leopard gecko zombie (D:6)
  6 rats
154 creatures vanquished.

Notes
Turn   | Place    | Note
-------+----------+-------------------------------------------
     0 | D:1      | mhoghedin the Felid Venom Mage began the quest for the Orb.
     0 | D:1      | Reached XP level 1. HP: 7/7 MP: 4/4
   408 | D:1      | Reached skill level 3 in Stealth
   535 | D:1      | Reached skill level 3 in Dodging
   751 | D:1      | Reached XP level 2. HP: 10/11 MP: 0/6
  1167 | D:1      | Learned a level 2 spell: Poisonous Vapours
  1675 | D:2      | Learned a level 1 spell: Animate Skeleton
  1677 | D:2      | Learned a level 1 spell: Confusing Touch
  1891 | D:2      | Found a faded altar of an unknown god.
  2125 | D:2      | Reached skill level 3 in Poison Magic
  2125 | D:2      | Reached XP level 3. HP: 14/14 MP: 0/7
  2888 | D:3      | Noticed Natasha
  3146 | D:3      | Noticed Sigmund
  3424 | D:3      | Found a runed door.
  3797 | D:3      | Reached XP level 4. HP: 18/18 MP: 5/8
  3954 | D:3      | Noticed Crazy Yiuf
  4009 | D:3      | Killed Natasha
  4009 | D:3      | Reached skill level 4 in Stealth
  4077 | D:3      | Killed Sigmund
  4077 | D:3      | Reached skill level 4 in Dodging
  4077 | D:3      | Reached skill level 3 in Spellcasting
  4077 | D:3      | Reached XP level 5. HP: 6/21 MP: 4/10
  4303 | D:3      | Learned a level 4 spell: Olgreb's Toxic Radiance
  4303 | D:3      | Upgraded the game from 0.21-a0-405-gf2af9a1 to 0.21-a0-414-gba8bdf1
  4321 | D:3      | Noticed Natasha
  4329 | D:3      | Killed Natasha
  4329 | D:3      | Reached skill level 5 in Stealth
  4329 | D:3      | Gained mutation: You are covered in thick fur. (AC +2) [Felid growth]
  4329 | D:3      | Reached XP level 6. HP: 14/24 MP: 3/11
  4543 | D:3      | Noticed Natasha
  4547 | D:3      | Killed Natasha
  4768 | D:4      | Reached skill level 5 in Dodging
  4768 | D:4      | Reached skill level 4 in Poison Magic
  5266 | D:4      | Reached XP level 7. HP: 27/27 MP: 9/13
  5586 | D:4      | Learned a level 3 spell: Mephitic Cloud
  5631 | D:4      | Reached skill level 6 in Stealth
  5734 | D:4      | Reached skill level 4 in Spellcasting
  5839 | D:3      | Learned a level 2 spell: Ensorcelled Hibernation
  6294 | D:5      | Entered Level 5 of the Dungeon
  6415 | D:5      | Reached skill level 1 in Unarmed Combat
  6679 | D:5      | Found a snail-covered altar of Cheibriados.
  6679 | D:5      | Noticed a cyan ugly thing
  6925 | D:5      | Found a transporter.
  6940 | D:5      | Found a transporter.
  7549 | D:6      | Reached skill level 6 in Dodging
  7844 | D:6      | Reached skill level 2 in Unarmed Combat
  8123 | D:6      | Reached skill level 7 in Stealth
  8306 | D:7      | Reached skill level 1 in Hexes
  8374 | D:7      | Reached XP level 8. HP: 31/31 MP: 8/15
  8442 | D:7      | Reached skill level 2 in Hexes
  8558 | D:7      | Reached skill level 3 in Hexes
  8582 | D:7      | Reached skill level 5 in Poison Magic
  8612 | D:7      | Reached skill level 4 in Hexes
  8915 | D:6      | Reached skill level 1 in Fighting
  9029 | D:6      | Reached skill level 7 in Dodging
  9029 | D:6      | Reached skill level 3 in Unarmed Combat
  9280 | D:6      | Reached skill level 1 in Evocations
  9312 | D:6      | Noticed Ontamu's ghost (novice FoFi)
  9821 | D:7      | Found a staircase to the Ecumenical Temple.
  9829 | Temple   | Entered the Ecumenical Temple
  9933 | Temple   | Became a worshipper of Sif Muna the Loreminder
  9999 | D:7      | Reached skill level 5 in Spellcasting
 10447 | D:8      | Reached XP level 9. HP: 29/36 MP: 17/17
 10515 | D:8      | Reached skill level 5 in Hexes
 10559 | D:8      | Noticed a two-headed ogre
 10596 | D:8      | Mangled by a two-headed ogre
 10597 | D:8      | Reached XP level 8. HP: -6/33 MP: 8/26
 10597 | D:8      | Quit the game

Vault maps used:
D:1:      elethiomel_arrival_quiet, minmay_circled_x
D:2:      chequers_ecumenical_altar_simple
D:3:      uniq_crazy_yiuf_cottage, uniq_natasha, uniq_sigmund
D:4:      first_bread
D:5:      gammafunk_temple_overflow_arena
D:6:      kennysheep_spiral_hall
D:7:      minmay_temple_entry_statues_fountains, hex_medium
D:8:      david_nohive_1
Temple:   kilobyte_greek_temple

Skill      XL: |  1  2  3  4  5  6  7  8  9 |
---------------+----------------------------+-----
Stealth        | 3 4 5 7 |  7.3
Dodging        | 3 4 5 6 7 |  7.5
Poison Magic   | 3 4 5 |  5.6
Spellcasting   | 3 4 5 |  5.4
Unarmed Combat | 2 3 |  3.1
Hexes          | 1 4 5 |  5.7
Fighting       | 1 |  1.7
Evocations     | 1 |  1.8
Conjurations   | |  0.8
Air Magic      | |  0.4

Action                   |  1- 3 |  4- 6 |  7- 9 || total
-------------------------+-------+-------+-------++-------
Melee: Unarmed           |    65 |    22 |   193 ||   280
       Bite              |    10 |     2 |    22 ||    34
       Punch             |       |       |     1 ||     1
 Cast: Sting             |    35 |    13 |     2 ||    50
       Poisonous Vapours |    29 |    29 |    65 ||   123
       Animate Skeleton  |     4 |       |     1 ||     5
       Confusing Touch   |     3 |     3 |    25 ||    31
       Olgreb's Toxic Ra |       |     2 |    11 ||    13
       Ensorcelled Hiber |       |       |     6 ||     6
Evoke: Wand              |       |     3 |     9 ||    12
  Use: Scroll            |     5 |     2 |     7 ||    14
       Potion            |       |       |     1 ||     1
 Stab: Confused          |     5 |     1 |    14 ||    20
       Sleeping          |     1 |       |    12 ||    13
       Distracted        |       |       |     1 ||     1
  Eat: Chunk             |     9 |     2 |    16 ||    27
       Meat ration       |     1 |       |       ||     1
Armor: Skin              |     7 |     2 |     6 ||    15
Dodge: Dodged            |    93 |    21 |   151 ||   265

Table legend:
 A = Spawn XP
 B = Non-spawn XP
 C = Spawn XP percentage of total XP
 D = Spawn monster count
 E = Non-spawn monster count
 F = Spawn count percentage of total count
 G = Total turns spent on level
                    A         B        C        D         E        F      G
               +---------+---------+-------+---------+---------+-------+---------
         Total |       0 |    3324 |   0.0 |       0 |     154 |   0.0 | 10597
               +---------+---------+-------+---------+---------+-------+---------
           D:1 |       0 |      18 |   0.0 |       0 |      15 |   0.0 |  1586
           D:2 |       0 |      33 |   0.0 |       0 |       7 |   0.0 |   682
           D:3 |       0 |     378 |   0.0 |       0 |      26 |   0.0 |  2460
           D:4 |       0 |     489 |   0.0 |       0 |      37 |   0.0 |  1742
           D:5 |       0 |     151 |   0.0 |       0 |       7 |   0.0 |  1076
           D:6 |       0 |     737 |   0.0 |       0 |      26 |   0.0 |  1665
           D:7 |       0 |     920 |   0.0 |       0 |      22 |   0.0 |   899
           D:8 |       0 |     598 |   0.0 |       0 |      14 |   0.0 |   340
               +---------+---------+-------+---------+---------+-------+---------

Vault maps used:
D:1:      elethiomel_arrival_quiet, minmay_circled_x
D:2:      chequers_ecumenical_altar_simple
D:3:      uniq_crazy_yiuf_cottage, uniq_natasha, uniq_sigmund
D:4:      first_bread
D:5:      gammafunk_temple_overflow_arena
D:6:      kennysheep_spiral_hall
D:7:      minmay_temple_entry_statues_fountains, hex_medium
D:8:      david_nohive_1
Temple:   kilobyte_greek_temple

Table legend:
 A = Turns spent in this place as a percentage of turns spent in the entire game.
 B = Non-inter-level travel turns spent in this place as a percentage of non-inter-level travel turns spent in the entire game.
 C = Inter-level travel turns spent in this place as a percentage of turns spent in this place.
 D = Turns resting spent in this place as a percentage of non-inter-level travel turns spent in this place.
 E = Turns spent auto-exploring this place as a percentage of non-inter-level travel turns spent in this place.
 F = Non-inter-level travel turns spent in this place divided by the number of levels of this place that you've seen.
                   A       B       C       D       E      F
               +-------+-------+-------+-------+-------+----------------------
         Total | 100.0 | 100.0 |   3.4 |  36.7 |  42.1 | 1137.7
       Dungeon |  98.6 |  99.0 |   3.0 |  37.0 |  41.7 | 1266.8
        Temple |   1.4 |   1.0 |  28.6 |   0.0 |  83.8 | 105.0
               +-------+-------+-------+-------+-------+----------------------

Table legend:
 A = Kills in this place as a percentage of kills in entire the game.
 B = Kills by you in this place as a percentage of kills by you in the entire game.
 C = Kills by friends in this place as a percentage of kills by friends in the entire game.
 D = Other kills in this place as a percentage of other kills in the entire game.
 E = Experience gained in this place as a percentage of experience gained in the entire game.
 F = Experience gained in this place divided by the number of levels of this place that you have seen.
                   A       B       C       D       E      F
               +-------+-------+-------+-------+-------+----------------------
         Total | 100.0 | 100.0 |   N/A | 100.0 | 100.0 | 369.3
       Dungeon | 100.0 | 100.0 |   N/A | 100.0 | 100.0 | 415.5
               +-------+-------+-------+-------+-------+----------------------
